AoeStats
← Guido166

Scandinavia

510432249Analyzed
1v1 RM · 1d ago on Oct 1, 2026· 40m 17s· 2 players
Game mode
Random Map
Map size
Tiny (2 player)
Population
200
Speed
Normal
Resources
Standard
Victory
Conquest
Starting age
Dark Age
Ending age
Imperial Age
RankedLock teamsTeams togetherTeam positionsShared explorationLock speedFull tech treeHidden civsTurbo modeCheats
Victory
Defeat
🇺🇸 Franks · United States
1064
+16
🇦🇷 Spanish · Argentina
1067
-16
Dolarhyde
8:11 Loom
10:58 Feudal Age
11:27 Double-Bit Axe
11:11 Man-at-Arms
20:31 Castle Age
18:44 Gold Mining
19:49 Scale Barding Armor
19:56 Forging
21:16 Husbandry
22:48 Bow Saw
24:18 Iron Casting
25:06 Wheelbarrow
26:41 Hand Cart
26:59 Chain Barding Armor
31:07 Gold Shaft Mining
30:23 Stone Mining
39:23 Imperial Age
36:53 Fletching
39:36 Arson
39:52 Squires
39:37 Gambesons
39:30 Cavalier
Guido166
6:37 Loom
11:39 Feudal Age
12:02 Horse Collar
12:20 Double-Bit Axe
14:23 Wheelbarrow
13:40 Fishing Lines
20:18 Castle Age
19:19 Forging
21:10 Bloodlines
24:50 Husbandry
25:02 Scale Barding Armor
30:07 Squires
31:47 Gold Mining
32:02 Pikeman
34:40 Scale Mail Armor
Connection lost

Rejoining the realm…

Still unreachable

The connection could not be restored.

Session expired

The server has moved on; the page needs a fresh start.